← All builds
Geo / Armada / Economy first / OBSERVED BUILD

Standard geo

Armada Geo build order · Supreme Isthmus

The standard Geo build: fast geothermal into T2 constructor and advanced geothermal, blowing the commander for T2 and bringing Starlight and other T2 units to front while supplying allies with constructors and rez bots.

Usually blows up the commander for T2 (67%)

#eco #t2 #team support · 802 distinct matches · 112 players · 58% of Armada Geo games · team won 54% of 903 · Recently observed

HOW TO PLAY IT

Key timing: Geothermal Powerplant by 3:26

  1. Open mex and wind into Bot Lab.
  2. Rush geothermal for the early energy spike.
  3. Add Advanced Metal Extractor, then Advanced Geothermal by 7:07.
  4. Bring up Vehicle Plant alongside T2 con for "Starlight" and vehicles.
  5. Funnel "Starlight" and T1 vehicles to front, pay allies with cons and "Lazarus".

Phase by phase

TYPICAL OF ITS 802 GAMES
  1. 1
  2. 2
  3. 3
  4. 4
PLAY THE OPENING

Follow the example game's first 6:00 step by step: what to build now, what comes next, and where it goes. At 1× it keeps pace with your own game.

  1. 1

    Up to the Bot Lab

    Economy
    • Metal Extractor2Mex
    • Wind Turbine4Wind
    Order
    1. Bot LabBot Lab after 2 mex, 4 winddone ~1:11, middle half 0:58–1:22

    By 0:54 in all: 2 mex · 4 wind

    The example game in this phase · 5 steps
    1. Mex ×3
    2. Wind ×3
    3. Energy storage
    4. Wind
    5. Bot LabBot Labdone 1:36 · typical 1:11
  2. 2

    Bot Lab to 5:00

    Economy
    • Metal Extractor2Mex
    • Wind Turbine3Wind
    • Energy Converter8Converter
    • Energy Storage1Energy storage
    Order
    1. Geothermal PowerplantGeo after 4 mex, 5 wind, 1 energy storage
    Builders
    • Construction Turret5 Con turret
    • Lazarus4 Lazarus
    • Construction Bot2 Con bot
    • Construction Bot1 Con bot for allies
    • Lazarus1 Lazarus for allies

    By 5:00 in all: 4 mex · 7 wind · 1 geo · 8 converter · 1 energy storage · 5 con turret

    The example game in this phase · 18 steps
    1. LazarusLazarus ×2for Suicide front
    2. Construction BotCon botfor Beach sea
    3. LazarusLazarus
    4. Construction BotCon bot
    5. LazarusLazarus ×2
    6. Mex
    7. LazarusLazarus
    8. Construction BotCon bot
    9. Con turret
    10. Geothermal PowerplantGeodone 3:59 · typical 3:26
    11. Construction BotCon bot
    12. Converter
    13. Con turret ×3
    14. Converter
    15. Con turret
    16. Converter ×7
    17. Con turret
    18. Converter ×2
  3. 3

    5:00 to Vehicle Plant

    Order
    1. Advanced Geothermal PowerplantAdvanced Geothermal Powerplant after 8 wind, 10 converter, 6 con turretin 59% of games
    2. Vehicle PlantVehicle Plant after 10 wind, 10 converter, 6 con turretdone ~7:07, middle half 6:41–7:38
    Builders
    • Construction Turret1 Con turret

    Some games also: converter (49%) · wind (47%)

    By 6:59 in all: 4 mex · 10 wind · 1 geo · 1 Advanced Geothermal Powerplant · 10 converter · 1 energy storage

    The example game in this phase · 14 steps
    1. Converter
    2. Con turret
    3. Converter ×6
    4. Wind
    5. Advanced Metal ExtractorT2 mexdone 6:03 · typical 5:34
    6. Wind ×2
    7. Advanced Metal ExtractorT2 mex
    8. Wind ×7
    9. Advanced Geothermal PowerplantAdvanced Geothermal Powerplantdone 7:08 · typical 7:08
    10. Advanced Metal ExtractorT2 mex
    11. Wind
    12. Advanced Metal ExtractorT2 mex
    13. Dragon's TeethDragon's Teeth ×3
    14. Vehicle PlantVehicle Plantdone 7:32 · typical 7:07
  4. 4

    Vehicle Plant to 10:00

    Economy
    • Wind Turbine6Wind
    • Energy Converter4Converter
    Order
    1. Advanced Vehicle PlantAdvanced Vehicle Plant after 11 wind, 12 converter, 7 con turret
    Builders
    • Construction Vehicle1 Con vehicle
    Army
    • Starlight2 Starlight
    • Umbra1 Jammer
    • Prophet1 Radar vehicle

    Some games also: T2 con vehicle for allies (50%) · con turret (49%) · Jaguar (32%)

    By 10:00 in all: 4 mex · 20 wind · 1 geo · 1 Advanced Geothermal Powerplant · 16 converter · 1 energy storage

    The example game in this phase · 69 steps
    1. Dragon's TeethDragon's Teeth ×11
    2. Construction VehicleCon vehicle
    3. Dragon's TeethDragon's Teeth ×2
    4. Advanced Vehicle PlantAdvanced Vehicle Plantdone 8:12 · typical 8:05
    5. Advanced Construction VehicleT2 con vehiclefor Front
    6. ShredderShredder ×2done 8:30
    7. ArbalestArbalest
    8. UmbraJammer
    9. ProphetRadar vehicle
    10. StarlightStarlightdone 9:21 · typical 9:01
    11. Wind ×2
    12. JaguarJaguar
    13. Wind
    14. StarlightStarlight
    15. Wind ×4
    16. ShredderShredder
    17. Wind
    18. ShredderShredder ×3
    19. Wind
    20. ShredderShredder ×2
    21. Wind
    22. Advanced Vehicle PlantAdvanced Vehicle Plantdone 10:41
    23. Wind ×2
    24. StarlightStarlight
    25. Wind ×4
    26. StarlightStarlight
    27. Wind ×4
    28. StarlightStarlight
    29. Wind ×3
    30. StarlightStarlight
    31. Wind ×3
    32. JaguarJaguar
    33. Wind
    34. Aircraft PlantAircraft Plantdone 12:39
    35. Wind
    36. JaguarJaguar
    37. Wind ×2
    38. BlinkScout plane
    39. Wind
    40. JaguarJaguar
    41. BlinkScout plane
    42. JaguarJaguar
    43. BlinkScout plane
    44. Wind ×2
    45. JaguarJaguar
    46. Wind ×4
    47. JaguarJaguar
    48. Wind ×5
    49. JaguarJaguar
    50. Wind ×4
    51. JaguarJaguar
    52. Wind ×3
    53. BlinkScout plane
    54. Wind
    55. BlinkScout plane
    56. JaguarJaguar
    57. Wind
    58. BlinkScout plane
    59. JaguarJaguar
    60. Wind
    61. BlinkScout plane
    62. JaguarJaguar
    63. StarlightStarlight
    64. BlinkScout plane
    65. Advanced Construction VehicleT2 con vehicle
    66. BlinkScout plane
    67. Construction AircraftCon aircraft ×3
    68. Fusion ReactorFusionnot finished by 15:00
    69. Construction AircraftCon aircraft ×3

Counts are medians over the build's games: half of them build more, half fewer. The example game is TrapCaT's (42 OS, 04/10/2026); pick another.

Team trades

IN AT LEAST 30% OF ITS GAMES

You hand over

  • Lazarus1 Lazarus to Beach seafirst at 2:16 · in 78% of games
  • Construction Bot1 Con bot to Beach seafirst at 2:29 · in 87% of games
  • Advanced Construction Vehicle1 T2 con vehicle to Suicide front or Frontfirst at 8:49 · in 63% of games

You get

  • Hercules1 Light transport from Airfirst at 4:18 · in 32% of games
  • Advanced Construction Bot1 T2 con bot from Techfirst at 4:50 · in 95% of games

How it plays out

Typical game of this build, running totals by minute

Metal produced

020k40k
0:005:0010:0015:00

metal

Enemy metal destroyed

05k10k15k
0:005:0010:0015:00

metal

Own metal lost

02.5k5k7.5k
0:005:0010:0015:00

metal

903 games.

Show as table
ByMetal produced: This buildEnemy metal destroyed: This buildOwn metal lost: This build
1:0033300
2:0082800
3:00152800
4:00270000
5:00372600
6:00568000
7:00812400
8:0011491021
9:001450151126
10:0017416556260
11:00203961983750
12:002327339401876
13:002606260193262
14:002898084264635
15:0031650104596170
WHAT THE NUMBERS SAY

Standard Geo build dominates the resource numbers, with zero own losses through 10:00 and a huge metal lead by 15:00.

  • + Metal produced hits 31426 by 15:00, highest of all six builds
  • + Own metal lost is 0 by 5:00 and only 334 by 10:00
  • − First Starlight only arrives in 57% of games by 9:19
  • − Advanced geothermal lands in just 69% of games by 7:16
THE EXAMPLE YOU ARE READING

TrapCaT

41.9 OS · 04/10/2026

Open source match ↗

3 received units · includes a constructor
813 metal received · 121131 energy received

Allied construction assistance is unknown. Timings are observations, not a promise of solo reproducibility.

Typical milestones

Bot Lab1:11Middle 50%: 0:58–1:22 · n=902
Geothermal Powerplant3:26Middle 50%: 3:11–3:43 · n=900
Advanced Metal Extractor5:34Middle 50%: 5:19–5:57 · n=897
Vehicle Plant7:07Middle 50%: 6:41–7:38 · n=862
Advanced Geothermal Powerplant7:08Middle 50%: 6:50–7:35 · n=647
Advanced Vehicle Plant8:05Middle 50%: 7:40–8:42 · n=822
Starlight9:01Middle 50%: 8:32–9:48 · n=724

Played most by

0neTw0100games of this buildzeus_on_god96games of this buildViltrum51games of this buildXad48games of this buildDamsko44games of this build